 Dungeon Crawl Stone Soup version 0.30-a0-782-ge64f9170bb (webtiles) character file.

Game seed: 14111745161516683643

35 gruber the Sneak (level 3, -4/18 HPs)
             Began as a Vine Stalker Brigand on Feb 28, 2023.
             Slain by Terence
             ... wielding a +4 hand axe of freezing
              (5 damage)
             ... on level 2 of the Dungeon.
             The game lasted 00:00:58 (1195 turns).

gruber the Sneak (Vine Stalker Brigand)             Turns: 1195, Time: 00:00:58

Health: -4/18      AC:  3    Str: 15    XL:     3   Next: 35%
Magic:  0/4        EV: 11    Int: 11    God:
Gold:   176        SH:  0    Dex: 15    Spells: 2/2 levels left

rFire   . . .      SeeInvis .    j - +2 short sword (venom)
rCold   . . .      Faith    .    (no shield)
rNeg    . . .      Spirit   +    b - +0 robe
rPois   .          Reflect  .    (no helmet)
rElec   .          Harm     .    c - +0 cloak
rCorr   .          Rampage  .    (no gloves)
Will    .....                    (no boots)
Stlth   +++                      (no amulet)
HPRegen 0.23/turn                (no ring)
MPRegen 0.09/turn                (no ring)

@: no status effects
A: fangs 2, magic shield, antimagic bite, no potion heal 2
a: no special abilities


You were on level 2 of the Dungeon.
You visited 1 branch of the dungeon, and saw 2 of its levels.

You collected 176 gold pieces.

Inventory:

Hand Weapons
 j - a +2 short sword of venom (weapon)
 k - a +0 dagger of speed
Missiles
 d - 15 poisoned darts (quivered)
 e - 3 curare-tipped darts
Armour
 b - a +0 robe (worn)
 c - a +0 cloak (worn)
Scrolls
 a - a scroll of noise {unknown}
 f - 2 scrolls of identify {unknown}
 g - a scroll of poison {unknown}
 h - a scroll of magic mapping {unknown}
 i - 2 scrolls of amnesia {unknown}
Potions
 l - a potion of brilliance {unknown}


   Skills:
 - Level 1.7 Fighting
 + Level 3.3 Short Blades
 - Level 1.7 Throwing
 - Level 0.7 Dodging
 - Level 4.8 Stealth


You had 2 spell levels left.
You didn't know any spells.
Your spell library contained the following spells:

 Spells                   Type           Power      Damage    Failure   Level
 Static Discharge         Conj/Air       0%         2-2/arc   47%         2
 Vhi's Electric Charge    Tloc/Air       0%         N/A       71%         3
 Arcjolt                  Conj/Air       0%         1d10      100%        5
 Lightning Bolt           Conj/Air       0%         1d11      100%        5


Dungeon Overview and Level Annotations

Branches:
Dungeon (2/15)

Altars:

Annotations:
D:2 Terence


Innate Abilities, Weirdness & Mutations

You have extremely sharp teeth.
When hurt, damage is shared between your health and your magic reserves.
Your bite disrupts and absorbs the magic of your enemies.
Potions cannot restore your health.


Message History

The giant cockroach is poisoned.
You kill the giant cockroach!
You now have 176 gold pieces (gained 3).
Found a stone staircase leading down.
No target in view!
A kobold comes into view. It is wielding a +0 short sword.
Okay, then.
Terence the Incautious comes into view.
He is wielding a +4 hand axe of freezing.
Found a scroll labelled SURIAT QAW.
The helpless kobold fails to defend itself.
You impale the kobold!!
You kill the kobold!
Terence shouts!
You hear an angry hiss.
Found an escape hatch in the ceiling.
You hit Terence.
Terence is poisoned.
Your bite misses Terence.
Terence is lightly wounded.
Terence completely misses you.
You completely miss Terence. You bite Terence, but do no damage.
Terence is lightly wounded.
Terence hits you with a +4 hand axe of freezing.
Terence freezes you.
You barely miss Terence. You bite Terence, but do no damage.
Terence is lightly wounded.
Terence barely misses you.
You barely miss Terence.
Terence is lightly wounded.
Terence hits you with a +4 hand axe of freezing!
Terence freezes you.
* * * LOW HITPOINT WARNING * * *
You are too injured to fight recklessly!
You are too injured to fight recklessly!
Terence attacks as you move away!
Terence hits you with a +4 hand axe of freezing.
* * * LOW HITPOINT WARNING * * *
Terence freezes you.
You hit Terence.
Terence looks as sick as possible!
You punch Terence. You bite Terence, but do no damage.
Terence is moderately wounded.
Terence hits you with a +4 hand axe of freezing.
You die...

##..♣.....#
#...........P~~
##...#####
#...........P~~
....#
##...######.#.P~
#..########..###
#.#..P
.............#
#....P
#.........#.#
###.PP
###..#..#####.#
####
.......)#####.#
...?..>.@@....#
.......########
....... .......
....<.. .......
....... .......


You could see Terence (extremely poisoned).

Vanquished Creatures
  A dart slug (D:1)
  2 ball pythons (D:1)
  4 endoplasms
  2 giant cockroaches (D:2)
  4 goblins
  2 hobgoblins (D:1)
  4 kobolds
  2 quokkas
  4 bats
  A frilled lizard (D:2)
  3 rats
29 creatures vanquished.

Vanquished Creatures (others)
  A fungus (D:2)
1 creature vanquished.

Grand Total: 30 creatures vanquished

Notes
Turn   | Place    | Note
-------+----------+-------------------------------------------
     0 | D:1      | gruber the Vine Stalker Brigand began the quest for the
                  | Orb.
     0 | D:1      | Reached XP level 1. HP: 11/11 MP: 2/2
   308 | D:1      | Reached XP level 2. HP: 15/15 MP: 3/3
   473 | D:1      | Noticed a floating eye
   475 | D:1      | Found a faded altar of an unknown god.
   478 | D:1      | Noticed a shining eye
   485 | D:1      | Noticed a great orb of eyes
   488 | D:1      | Noticed a golden eye
   986 | D:2      | Reached XP level 3. HP: 18/18 MP: 4/4
  1183 | D:2      | Noticed Terence
  1195 | D:2      | Slain by Terence

Illustrated notes

Levels and vault maps discovered:
D:1:      psy_arrival_radial01, layout_basic,
          hellmonk_ecumenical_altar_watching_god, serial_corexii_hall,
          corexii_hall_statues_i, chequers_hall_statues_corner_a,
          chequers_hall_statues_wall_a, corexii_hall_statues_s,
          chequers_hall_statues_y, corexii_hall_statues_i, item_on_display_a
D:2:      layout_basic, minmay_misc_feat_plants, grunt_ministairs_9,
          minmay_misc_feat_diagonals, hex_medium, minmay_gold_behind_fungi,
          guppyfry_early_lair_pool, uniq_terence

Skill      XL: |  1  2 |
---------------+-------+-----
Short Blades   | 2 3 |  3.3
Fighting       | |  1.7
Throwing       | |  1.7
Dodging        | |  0.7
Stealth        | |  4.8

Action                     || total
---------------------------++-------
  Melee: Dagger            ||    27
         Bite              ||    13
         Short sword       ||    34
         Punch             ||     1
   Stab: Sleeping          ||     9
 Armour: Robe              ||    12
  Dodge: Dodged            ||    30

Table legend: (Time is in decaauts)
 A = Elapsed time spent in this place.
 B = Non-inter-level travel time spent in this place.
 C = Inter-level travel time spent in this place.
 D = Time resting spent in this place.
 E = Time spent auto-exploring this place.
 F = Levels seen in this place.
 G = Mean time per level.
                   A        B        C        D        E       F      G
               +--------+--------+--------+--------+--------+-----+--------+
         Total |   1192 |   1136 |     56 |      0 |    923 |   2 |  596.0 |
       Dungeon |   1192 |   1136 |     56 |      0 |    923 |   2 |  596.0 |
               +--------+--------+--------+--------+--------+-----+--------+

Top non-repeatable levels by time:
     D:1: 972 daAuts
     D:2: 219 daAuts
